 Dungeon Crawl Stone Soup version 0.28.0-45-g0d030f2227 (webtiles) character file.

Game seed: 1982918657123311049

93 H0rd4k the Magician (level 4, 0/24 HPs)
             Began as a Deep Elf Hedge Wizard on Apr 19, 2022.
             Slain by an orc
             ... wielding a +0 flail
              (9 damage)
             ... on level 3 of the Dungeon.
             The game lasted 00:03:24 (2840 turns).

H0rd4k the Magician (Deep Elf Hedge Wizard)         Turns: 2840, Time: 00:03:25

Health: 0/24       AC:  2    Str:  7    XL:     4   Next: 37%
Magic:  13/14      EV: 12    Int: 21    God:
Gold:   83         SH:  0    Dex: 14    Spells: 6/15 levels left

rFire   . . .      SeeInvis .   a - +0 dagger
rCold   . . .      Faith    .   (no shield)
rNeg    . . .      Spirit   .   b - +0 robe
rPois   .          Reflect  .   c - +0 hat
rElec   .          Harm     .   (no cloak)
rCorr   .          Rampage  .   (no gloves)
Will    .....                   (no boots)
Stlth   +.........              (no amulet)
HPRegen 0.08/turn               (no ring)
MPRegen 0.14/turn               (no ring)

@: confused
A: no striking features
a: no special abilities


You were on level 3 of the Dungeon.
You visited 1 branch of the dungeon, and saw 3 of its levels.

You collected 83 gold pieces.

Inventory:

Hand Weapons
 a - a +0 dagger (weapon)
Armour
 b - a +0 robe (worn)
 c - a +0 hat (worn)
Scrolls
 e - a scroll of magic mapping {unknown}
 f - a scroll of identify {unknown}
Potions
 d - 2 potions of heal wounds {unknown}
 g - a potion of lignification {unknown}


   Skills:
 + Level 2.5 Dodging
 - Level 2.4 Stealth
 + Level 6.4 Spellcasting
 + Level 2.2 Conjurations
 + Level 1.2 Summonings
 + Level 1.1 Translocations
 * Level 0.2 Air Magic
 * Level 0.3 Poison Magic


You had 6 spell levels left.
You knew the following spells:

 Your Spells              Type           Power      Damage    Failure   Level
a - Magic Dart            Conj           64%        1d6       3%          1
b - Blink                 Tloc           22%        N/A       9%          2
c - Conjure Flame         Conj/Fire      11%        6-21      17%         3
d - Mephitic Cloud        Conj/Pois/Air  10%        N/A       19%         3

Your spell library contained the following spells:

 Spells                   Type           Power      Damage    Failure   Level
 Shock                    Conj/Air       44%        1d5       5%          1
 Call Imp                 Summ           11%        N/A       9%          2
 Slow                     Hex            24%        N/A       10%         1
 Swiftness                Air            7%         N/A       26%         3
 Airstrike                Air            3%         N/A       65%         4


Dungeon Overview and Level Annotations

Branches:
Dungeon (3/15)

Altars:

Shops:
D:2 ??


Message History

The ball explodes into a vile cloud!
The stinking cloud engulfs the orc wizard but does no damage.
The orc wizard shouts!
The orc wizard is engulfed in noxious fumes.
The orc wizard appears confused.
The orc wizard gestures at you while chanting.
The puff of flame hits you!
The orc wizard is engulfed in noxious fumes.
The orc wizard appears confused.
The orc wizard is engulfed in noxious fumes.
The orc wizard appears confused.
You completely miss the orc wizard.
The orc wizard is engulfed in noxious fumes.
The orc wizard appears confused.
The orc wizard is engulfed in noxious fumes.
The orc wizard appears confused.
The orc wizard hits you with a +0 dagger.
The orc wizard is engulfed in noxious fumes.
The orc wizard appears confused.
The orc wizard is engulfed in noxious fumes.
The orc wizard appears confused.
The orc wizard is engulfed in noxious fumes.
The orc wizard appears confused.
An orc comes into view. It is wielding a +0 flail.
The orc shouts!
The orc wizard gestures at you while chanting.
You are confused.
You bump into the rock wall.
You're too confused to cast spells.
The orc hits you with a +0 flail.
The orc wizard points at you and mumbles some strange words.
You are more confused.
The orc closely misses you.
You bump into the rock wall.
The orc shouts!
The orc closely misses you. The orc wizard casts a spell at you.
The puff of flame misses you.
You bump into the rock wall.
The orc hits you with a +0 flail!
You die...

######## #<.....#
#.####.# #.# ##.##
#@###...# ###
#o.....o# ####.###
#.o##...###..o†...
#.................
##o###.####.#.....
#.# ### #.##.##.
#.# #.##.# . #.#
#.##.##. ...
#...†...


You could see 2 orc wizards and 2 orcs.

Vanquished Creatures
  4 adders (D:2)
  A worm (D:2)
  A dart slug (D:1)
  3 endoplasms (D:1)
  A giant cockroach (D:3)
  5 goblins
  8 hobgoblins
  2 jackals (D:1)
  4 quokkas
  6 ball pythons
  6 bats
  2 frilled lizards (D:1)
  5 kobolds
  A rat (D:1)
49 creatures vanquished.

Notes
Turn   | Place    | Note
-------+----------+-------------------------------------------
     0 | D:1      | H0rd4k the Deep Elf Hedge Wizard began the quest for the
                  | Orb.
     0 | D:1      | Reached XP level 1. HP: 10/10 MP: 7/7
   271 | D:1      | Reached skill level 5 in Spellcasting
   335 | D:1      | Reached XP level 2. HP: 15/15 MP: 7/10
  1036 | D:1      | Reached XP level 3. HP: 12/19 MP: 2/12
  1039 | D:1      | Learned a level 2 spell: Blink
  1043 | D:1      | Learned a level 3 spell: Conjure Flame
  1047 | D:1      | Learned a level 3 spell: Mephitic Cloud
  1534 | D:2      | Reached skill level 6 in Spellcasting
  2030 | D:2      | Found Uqofrapt's Magic Scroll Shoppe.
  2085 | D:2      | Found a faded altar of an unknown god.
  2262 | D:2      | Reached XP level 4. HP: 15/24 MP: 9/14
  2426 | D:2      | Found Bugo's Magic Scroll Emporium.
  2685 | D:3      | Noticed a necrophage
  2840 | D:3      | Slain by an orc

Illustrated notes

Levels and vault maps discovered:
D:1:      amcnicky_arrival_gap_in_the_tavern_cellar, layout_basic
D:2:      layout_basic, serial_shops, nicolae_shop_competitors_out_of_business,
          nicolae_shop_stone, nicolae_ecumenical_lake_church
D:3:      layout_loops_corners, gup_sewer_entry_pipe

Skill      XL: |  1  2  3 |
---------------+----------+-----
Spellcasting   | 5 6 |  6.4
Conjurations   | 2 |  2.2
Dodging        | |  2.5
Stealth        | |  2.4
Summonings     | |  1.2
Translocations | |  1.1
Air Magic      | |  0.2
Poison Magic   | |  0.3

Action                   |  1- 3 |  4- 6 || total
-------------------------+-------+-------++-------
Melee: Dagger            |       |     1 ||     1
 Cast: Magic Dart        |   122 |    26 ||   148
       Conjure Flame     |       |     1 ||     1
       Mephitic Cloud    |       |     1 ||     1
       Blink             |       |     1 ||     1
Armor: Robe              |     4 |     1 ||     5
Dodge: Dodged            |    18 |    10 ||    28
